 Dungeon Crawl Stone Soup version 0.28-a0-987-g8383568036 (webtiles) character file.

Game seed: 15048161909967061581

19026 27snakeeyes612 the Covert (level 12, -9/114 HPs)
             Began as a Naga Berserker on Dec 4, 2021.
             Was an Elder of Trog.
             Mangled by a two-headed ogre (24 damage)
             ... on level 11 of the Dungeon.
             The game lasted 01:21:37 (17271 turns).

27snakeeyes612 the Covert (Naga Berserker)         Turns: 17271, Time: 01:21:37

Health: -9/114     AC: 24    Str: 25    XL:     12   Next: 64%
Magic:  21/21      EV:  8    Int:  7    God:    Trog [****..]
Gold:   818        SH: 14    Dex: 11    Spells: 11/11 levels left

rFire   . . .      SeeInvis +   j - +1 morningstar
rCold   . . .      Faith    .   t - +0 kite shield
rNeg    . . .      Spirit   .   w - +2 ring mail {Will+}
rPois   +          Reflect  +   r - +2 hat
rElec   .          Harm     .   p - +1 cloak
rCorr   .          Rampage  .   v - +1 pair of gloves
Will    ++++.                   H - +2 barding {Fly}
Stlth   ++++......              q - amulet of reflection
HPRegen 1.29/turn               s - ring of magical power
MPRegen 0.17/turn               (no ring)

@: strong-willed (expiring), flying, regenerating (expiring), studying Stealth,
very slow
A: AC +4, large, see invisible, deformed body, poison resistance, slowness 2,
spit poison 1, naga tail 1
a: Spit Poison, Renounce Religion, Berserk, Trog's Hand, Brothers in Arms


You were on level 11 of the Dungeon.
You worshipped Trog.
Trog was greatly pleased with you.
You visited 1 branch of the dungeon, and saw 12 of its levels.
You also visited: Sewer and Bailey.

You collected 1628 gold pieces.
You spent 810 gold pieces at shops.

Inventory:

Hand Weapons
 c - a +1 hunting sling
 j - a +1 morningstar (weapon)
 y - a +6 mace
Missiles
 g - 234 stones
 C - 2 throwing nets
Armour
 a - a +2 buckler of fire resistance
 p - a +1 cloak (worn)
 r - a +2 hat (worn)
 t - a +0 kite shield (worn)
 v - a +1 pair of gloves (worn)
 w - a +2 ring mail of willpower (worn)
 E - a +0 plate armour
 H - a +2 barding of flying (worn)
Jewellery
 q - an amulet of reflection (around neck)
 s - a ring of magical power (left hand)
Wands
 b - a wand of iceblast (9)
 x - a wand of polymorph (12)
 z - a wand of mindburst (30)
 A - a wand of charming (1)
 B - a wand of digging (1)
 F - a wand of flame (14)
Scrolls
 e - 2 scrolls of enchant armour
 i - 3 scrolls of teleportation
 m - 3 scrolls of magic mapping
 o - 2 scrolls of immolation
 G - a scroll of identify
Potions
 d - a potion of ambrosia
 f - a potion of curing
 h - 2 potions of berserk rage
 k - a potion of haste
 l - 2 potions of might
 u - a potion of lignification
 D - a potion of attraction {unknown}


   Skills:
 + Level 9.2 Fighting
 + Level 9.3 Maces & Flails
 - Level 2.1 Slings
 + Level 7.5 Armour
 + Level 7.3 Dodging
 + Level 10.9 Stealth
 + Level 5.8 Shields
 - Level 5.3 Evocations


You had 11 spell levels left.
You didn't know any spells.
Your spell library was empty.

Dungeon Overview and Level Annotations

Branches:
Dungeon (12/15)            Temple (0/1) D:6            Lair (0/6) D:8
    Orc (0/2) D:9           Sewer (visited)          Bailey (visited)

Altars:
Ashenzari
Elyvilon
Fedhas
Gozag
Kikubaaqudgha
Nemelex Xobeh
Okawaru
Ru
Uskayaw
Wu Jian
Xom
Yredelemnul

Shops:
D:10 *

Annotations:
D:2 1 runed translucent door, Crazy Yiuf


Innate Abilities, Weirdness & Mutations

Your serpentine skin is tough. (AC +4)
You have supernaturally acute eyesight. (SInv)
Armour fits poorly on your strangely shaped body.
Your system is resistant to poisons. (rPois)
You cover ground very slowly.
You can spit poison.
You have a snake-like lower body.


Message History

Okay, then.
You feel much better.
The two-headed ogre hits you with a +0 giant club!
* * * LOW HITPOINT WARNING * * *
You block the two-headed ogre's attack.
Okay, then.
Okay, then.
You feel better.
The two-headed ogre hits you with a +0 giant club.
* * * LOW HITPOINT WARNING * * *
You block the two-headed ogre's attack.
You hit the two-headed ogre but do no damage.
The two-headed ogre is heavily wounded.
You block the two-headed ogre's attack. x2
You barely miss the two-headed ogre.
The two-headed ogre is heavily wounded.
The two-headed ogre hits you with a +0 giant club.
* * * LOW HITPOINT WARNING * * *
You block the two-headed ogre's attack. x3
You feel better.
You feel yourself speed up. You block the two-headed ogre's attack.
The two-headed ogre hits you but does no damage.
You block the two-headed ogre's attack.
The two-headed ogre hits you but does no damage.
You fail to use your ability.
The two-headed ogre hits you with a +0 giant club!!
* * * LOW HITPOINT WARNING * * *
The two-headed ogre hits you with a +0 giant spiked club!
* * * LOW HITPOINT WARNING * * *
You feel the effects of Trog's Hand fading.
You fail to use your ability.
You recover from your berserk rage.
The two-headed ogre hits you with a +0 giant club.
* * * LOW HITPOINT WARNING * * *
You block the two-headed ogre's attack.
You fail to use your ability.
The two-headed ogre barely misses you. x2
Your two-headed ogre goes berserk!
The two-headed ogre hits you with a +0 giant club!!
You die...

#################################
...........................†.....
...............#..........##..###
...............#..........##..# #
..................##......##..###
)..........................O.....
##############.....###'#########+
.# #.##..'...# .# #.O@..#...# .#
#.....#...# ## #O.....####
#####..# #..### #..##..# ##..
#..### .... ###..# #....## #..###


You could see a two-headed ogre (ally target) and a friendly two-headed ogre
(summoned, berserk).

Vanquished Creatures
  Harold (D:10)
  2 hydras (D:11)
  2 centaur warriors
  A two-headed ogre (D:8)
  Erica (D:11)
  An orc knight (Bailey)
  Pikel (D:5)
  An ugly thing (D:8)
  A manticore (D:11)
  A cyclops (D:8)
  2 gargoyles
  A kobold demonologist (D:10)
  2 trolls
  A slime creature (D:7)
  Sigmund (D:2)
  3 shadows
  18 yaks
  Eustachio (D:4)
  A steam dragon (D:8)
  3 wraiths
  6 vampire mosquitoes (D:10)
  Menkaure (D:4)
  2 two-headed ogre zombies (D:9)
  A water moccasin (D:7)
  2 acid dragons (D:11)
  Duvessa (D:5)
  Pargi (Sewer)
  8 orc warriors
  A swamp drake (shapeshifter) (D:8)
  3 necrophages
  3 ogres
  4 centaurs
  A lemure (D:5)
  2 phantoms
  Blork the orc (D:6)
  3 kobold brigands
  2 bullfrogs
  3 scorpions
  A water moccasin zombie (D:7)
  Dowan (D:4)
  A troll zombie (D:9)
  6 killer bees
  A wight (D:8)
  2 howler monkeys
  5 centaur zombies
  A bullfrog zombie (D:5)
  2 gnoll shamans (D:8)
  3 centaur skeletons
  11 jellies
  A hound (D:4)
  3 orc priests
  Terence (D:2)
  A bullfrog skeleton (D:5)
  6 orc wizards
  2 killer bee zombies
  4 ogre zombies (D:9)
  A howler monkey zombie (D:5)
  9 gnolls
  9 adders
  4 river rats (D:4)
  2 white imps
  2 ufetubi
  An adder skeleton (D:4)
  An adder zombie (D:4)
  2 dart slugs
  5 worms
  18 orcs
  10 ball pythons
  5 bats
  26 endoplasms
  4 giant cockroaches
  16 goblins
  9 hobgoblins
  3 jackals (D:5)
  A quokka (D:3)
  3 frilled lizards
  3 goblin skeletons (D:9)
  3 goblin zombies (D:9)
  A hobgoblin skeleton (D:9)
  28 kobolds
  An orc skeleton (D:9)
  14 orc zombies (D:9)
  6 rats
  A spectral orc (D:5)
330 creatures vanquished.

Vanquished Creatures (collateral kills)
  Joseph (D:7)
  A troll zombie (D:9)
  2 jellies (D:7)
  3 orc zombies (D:9)
7 creatures vanquished.

Vanquished Creatures (others)
  A vampire (D:11)
  A human (D:8)
  6 fungi (D:7)
8 creatures vanquished.

Grand Total: 345 creatures vanquished

Notes
Turn   | Place    | Note
-------+----------+-------------------------------------------
     0 | D:1      | 27snakeeyes612 the Naga Berserker began the quest for the
                  | Orb.
     0 | D:1      | Reached XP level 1. HP: 21/21 MP: 1/1
    45 | D:1      | Found a faded altar of an unknown god.
    45 | D:1      | Noticed a soul eater
   275 | D:1      | Reached XP level 2. HP: 22/28 MP: 2/2
  1066 | D:2      | Reached XP level 3. HP: 30/34 MP: 3/3
  1173 | D:2      | Found a runed translucent door.
  1174 | D:2      | Noticed Crazy Yiuf
  1296 | D:2      | Noticed Sigmund
  1319 | D:2      | Killed Sigmund
  1320 | D:2      | Reached skill level 1 in Slings
  1320 | D:2      | Reached skill level 2 in Stealth
  1320 | D:2      | Reached XP level 4. HP: 5/44 MP: 4/4
  1320 | D:2      | Reached XP level 5. HP: 6/50 MP: 5/5
  1930 | D:2      | Noticed Terence
  1945 | D:2      | Killed Terence
  1946 | D:2      | Reached XP level 6. HP: 57/57 MP: 6/6
  2654 | D:3      | Reached ** piety under Trog
  2655 | D:3      | Reached skill level 3 in Stealth
  4445 | D:4      | Reached XP level 7. HP: 57/64 MP: 7/7
  4622 | D:4      | Found a glowing drain.
  4627 | Sewer    | Entered a sewer
  4812 | Sewer    | Reached skill level 4 in Stealth
  4903 | Sewer    | Noticed Pargi
  4926 | Sewer    | Killed Pargi
  5778 | D:4      | Noticed Menkaure
  5792 | D:4      | Killed Menkaure
  5793 | D:4      | Reached skill level 5 in Stealth
  6057 | D:4      | Noticed Eustachio
  6098 | D:4      | Killed Eustachio
  6099 | D:4      | Reached skill level 5 in Maces & Flails
  6099 | D:4      | Reached XP level 8. HP: 53/73 MP: 8/8
  6207 | D:4      | Found an iron altar of Okawaru.
  6316 | D:4      | Reached skill level 5 in Fighting
  6447 | D:4      | Reached *** piety under Trog
  6617 | D:4      | Reached skill level 6 in Stealth
  6746 | D:5      | Entered Level 5 of the Dungeon
  6779 | D:5      | Noticed Duvessa
  6779 | D:5      | Noticed Dowan
  7002 | D:5      | Killed Duvessa
  7016 | D:4      | Killed Dowan
  7221 | D:5      | Found a basalt altar of Yredelemnul.
  7283 | D:5      | Noticed Pikel
  7305 | D:5      | Killed Pikel
  7306 | D:5      | Reached skill level 7 in Stealth
  7306 | D:5      | Reached skill level 1 in Shields
  7306 | D:5      | Reached XP level 9. HP: 82/82 MP: 9/9
  8010 | D:5      | Found a broken altar of Ashenzari.
  8119 | D:5      | You fall into a shaft and drop 1 floor!
  8320 | D:5      | Reached skill level 8 in Stealth
  8716 | D:6      | Found a staircase to the Ecumenical Temple.
  8757 | D:6      | Found a white marble altar of Elyvilon.
  8757 | D:6      | Found a shimmering altar of Xom.
  8830 | D:6      | Found an ornate altar of the Wu Jian Council.
  8948 | D:6      | Found an opulent altar of Gozag.
  9223 | D:6      | Noticed Blork the orc
  9238 | D:6      | Killed Blork the orc
  9717 | D:7      | Reached skill level 5 in Armour
  9717 | D:7      | Reached skill level 5 in Dodging
  9721 | D:7      | Reached **** piety under Trog
  9753 | D:7      | Reached XP level 10. HP: 72/92 MP: 10/10
 10031 | D:7      | Noticed Joseph
 10048 | D:7      | Killed Joseph
 10049 | D:7      | Reached skill level 1 in Evocations
 10482 | D:8      | Found a hide-covered altar of Uskayaw.
 10502 | D:8      | Found an ancient bone altar of Kikubaaqudgha.
 10685 | D:8      | Found a flagged portal.
 10690 | Bailey   | Entered a bailey
 10846 | Bailey   | Noticed an orc knight
 10869 | Bailey   | Identified the +2 scale mail "Gemao" {+Inv rElec SInv}
 10947 | Bailey   | Reached ***** piety under Trog
 11159 | Bailey   | Killed an orc knight
 11806 | D:8      | Found a sparkling altar of Nemelex Xobeh.
 11818 | D:8      | Noticed a gargoyle
 11827 | D:8      | Found a staircase to the Lair.
 11842 | D:8      | Killed a gargoyle
 11843 | D:8      | Reached XP level 11. HP: 45/100 MP: 11/11
 11906 | D:8      | Noticed a cyan ugly thing
 11927 | D:8      | Killed a cyan ugly thing
 12378 | D:8      | Noticed a cyclops
 12402 | D:8      | Killed a cyclops
 12445 | D:8      | Noticed a two-headed ogre
 12477 | D:8      | Found a sacrificial altar of Ru.
 12499 | D:8      | Found a blossoming altar of Fedhas.
 12565 | D:8      | Killed a two-headed ogre
 13143 | D:9      | Found a staircase to the Orcish Mines.
 13965 | D:10     | Entered Level 10 of the Dungeon
 13968 | D:10     | Noticed Harold
 13992 | D:10     | Killed Harold
 14510 | D:10     | Reached skill level 5 in Shields
 14572 | D:10     | Reached skill level 5 in Evocations
 14849 | D:10     | Reached XP level 12. HP: 107/112 MP: 12/12
 15044 | D:10     | Found Woluyso's General Store.
 15252 | D:10     | Bought a scroll of identify for 30 gold pieces
 15252 | D:10     | Bought a scroll of acquirement for 780 gold pieces
 15254 | D:10     | Acquired a +2 barding of flying
 15265 | D:10     | Acquired a manual of Stealth
 15749 | D:11     | Reached skill level 9 in Stealth
 16137 | D:11     | Noticed Erica
 16162 | D:11     | Killed Erica
 16214 | D:11     | Noticed a seven-headed hydra
 16225 | D:11     | Killed a seven-headed hydra
 16446 | D:11     | Noticed a centaur warrior
 16446 | D:11     | Noticed a seven-headed hydra
 16447 | D:11     | Noticed a centaur warrior
 16462 | D:11     | Killed a centaur warrior
 16463 | D:11     | Reached skill level 10 in Stealth
 16766 | D:12     | Killed a centaur warrior
 16911 | D:11     | Noticed a boulder beetle
 17210 | D:11     | Noticed a six-headed hydra
 17235 | D:11     | Killed a six-headed hydra
 17246 | D:11     | Noticed a two-headed ogre
 17256 | D:11     | HP: 5/114 [two-headed ogre (12)]
 17271 | D:11     | Mangled by a two-headed ogre

Illustrated notes

Levels and vault maps discovered:
D:1:      heliophobic_arrival_enchanted_forest, layout_basic,
          dreamdust_ecumenical_altar_sealed_demon, minmay_misc_feat_chi,
          interstate_on_off
D:2:      layout_basic, uniq_sigmund, uniq_terence, uniq_crazy_yiuf_cottage
D:3:      layout_rooms, serial_aquarium, aquarium_bridge_island_large
          [aquarium_subvault_large_water, aquarium_subvault_bridge,
          aquarium_subvault_wall, aquarium_subvault_wall,
          aquarium_subvault_wall], aquarium_window_corridor_2,
          aquarium_window_2, aquarium_view_2f, aquarium_balcony_double_4,
          small_statue_intersection, due_unseen_surprise
D:4:      cheibrodos_barr_body, layout_basic, okawaru_metal_pillars_1_2,
          lightli_sewer_entry_pipes, grunt_ministairs_12,
          kennysheep_windowed_goal, uniq_eustachio, uniq_menkaure
D:5:      layout_basic, old_standard_altar, yredelemnul_forgotten_temple_becter,
          uniq_pikel, uniq_duvessa
D:6:      layout_gridville, nicolae_gozag_cash_rules_everything_around_me,
          nzn_wu_jian_contemplation, gammafunk_temple_overflow_elements,
          minmay_temple_entry_antechambers, uniq_blork_the_orc
D:7:      lemuel_slime, layout_basic, uniq_joseph
D:8:      nzn_winding_woodlands_small [nzn_winding_woodlands_5x15_parted,
          nzn_winding_woodlands_center_triple_pond,
          nzn_winding_woodlands_5x15_concentric], layout_basic,
          tgw_kikubaaqudgha, mainiacjoe_overflow_boulevard,
          nemelex_spade_bored_becter, amcnicky_altar_gilded,
          general_overflow_altar, lair_entry_dummy, enter_bailey_3
D:9:      layout_loops_ring, zombieorc2_lemuel, grunt_ministairs_2
D:10:     layout_loops_corners, serial_shops, shop, hangedman_glass_teeth,
          uniq_harold
D:11:     minmay_bloctagon, layout_stronghold, enter_trove_3, uniq_erica
D:12:     lemuel_flame_loot_2, layout_loops_ring, serial_bayou_pond_d,
          uniq_erolcha

Skill      XL: |  1  2  3  4  5  6  7  8  9 10 11 12 |
---------------+-------------------------------------+-----
Slings         | 1 2 |  2.1
Armour         | 2 3 4 5 6 7 |  7.5
Dodging        | 2 3 4 5 6 7 |  7.3
Stealth        | 2 3 5 7 8 10 | 10.9
Maces & Flails | 4 5 6 7 8 9 |  9.3
Fighting       | 4 5 6 7 8 9 |  9.2
Shields        | 1 2 3 5 |  5.8
Evocations     | 3 5 |  5.3

Action                   |  1- 3 |  4- 6 |  7- 9 | 10-12 || total
-------------------------+-------+-------+-------+-------++-------
Melee: Mace              |    48 |     9 |       |    58 ||   115
       Flail             |       |    46 |   459 |   277 ||   782
       Morningstar       |       |       |       |   505 ||   505
 Fire: Hunting sling     |    24 |     1 |       |       ||    25
Invok: Berserk           |     2 |     3 |     4 |     2 ||    11
       Trog's Hand       |       |       |     3 |     4 ||     7
       Brothers in Arms  |       |       |       |     6 ||     6
 Abil: Spit Poison       |     8 |    20 |    89 |   113 ||   230
  Use: Scroll            |     6 |     4 |     8 |    13 ||    31
       Potion            |     1 |     3 |       |     7 ||    11
 Stab: Sleeping          |     1 |       |     3 |     2 ||     6
       Distracted        |       |       |       |     1 ||     1
Armor: Animal skin       |    13 |       |       |       ||    13
       Scale mail        |       |    29 |   296 |       ||   325
       Ring mail         |       |       |    78 |   483 ||   561
Dodge: Dodged            |    39 |    37 |   258 |   320 ||   654
Block: Other             |       |       |    94 |    41 ||   135
       Kite shield       |       |       |       |   634 ||   634
       Reflection        |       |       |       |    47 ||    47
       Buckler           |       |       |       |     3 ||     3

Table legend: (Time is in decaauts)
 A = Elapsed time spent in this place.
 B = Non-inter-level travel time spent in this place.
 C = Inter-level travel time spent in this place.
 D = Time resting spent in this place.
 E = Time spent auto-exploring this place.
 F = Levels seen in this place.
 G = Mean time per level.
                   A        B        C        D        E       F      G
               +--------+--------+--------+--------+--------+-----+--------+
         Total |  20884 |  19899 |    985 |   7051 |      0 |  14 | 1491.7 |
       Dungeon |  19126 |  18141 |    985 |   6238 |      0 |  12 | 1593.8 |
         Sewer |    555 |    555 |      0 |    295 |      0 |   1 |  555.0 |
        Bailey |   1203 |   1203 |      0 |    518 |      0 |   1 | 1203.0 |
               +--------+--------+--------+--------+--------+-----+--------+

Top non-repeatable levels by time:
     D:2: 3127 daAuts
     D:4: 2426 daAuts
    D:10: 1820 daAuts
     D:8: 1781 daAuts
     D:5: 1658 daAuts
    D:11: 1539 daAuts
     D:6: 1443 daAuts
     D:9: 1421 daAuts
  Bailey: 1203 daAuts
     D:7: 1175 daAuts
     D:3: 1164 daAuts
     D:1: 1161 daAuts
   Sewer: 555 daAuts
    D:12: 406 daAuts
